 Dungeon Crawl Stone Soup version 0.30-a0-986-g7f2e898f52 (webtiles) character file.

Game seed: 6017096926010736225

130241 avis the Thaumaturge (level 16, -12/137 HPs)
             Began as a Demigod Transmuter on Mar 28, 2023.
             Killed from afar by Nikola (53 damage)
             ... with an arc of chain lightning
             ... on level 3 of the Spider Nest on Apr 1, 2023.
             The game lasted 05:54:40 (35034 turns).

avis the Thaumaturge (Demigod Transmuter)          Turns: 35034, Time: 05:54:40

Health: -12/137    AC: 19    Str: 19      XL:     16   Next: 5%
Magic:  31/38      EV: 26    Int: 17 (23) God:
Gold:   1527       SH:  0    Dex: 24 (25) Spells: 15/41 levels left

rFire   + . .      SeeInvis .    b - melded +6 hand crossbow
rCold   . . .      Faith    .    G - melded +0 buckler
rNeg    . . .      Spirit   .    z - +4 troll leather armour {Snorg}
rPois   +          Reflect  .    X - +0 helmet "Zyddyudi" {Will+ rCorr}
rElec   .          Rampage  .    K - +2 cloak {rPois}
rCorr   +                        k - melded +0 pair of gloves
Will    ++...                    t - +0 pair of boots
Stlth   ++                       y - amulet of regeneration
HPRegen 2.02/turn                i - +5 ring of evasion
MPRegen 0.26/turn                j - ring "Neusann" {Fly rF+ Dex+7}

@: ice-armoured, blade hands, wereblooded, flying, studying Ranged Weapons
A: high MP 1, forlorn, divine attributes
a: End Transformation


You were on level 3 of the Spider Nest.
You had blades for hands.
You visited 6 branches of the dungeon, and saw 25 of its levels.
You also visited: Ossuary, Gauntlet and Ice Cave.

You collected 3731 gold pieces.
You spent 2204 gold pieces at shops.

Inventory:

Hand Weapons
 b - a +6 hand crossbow (melded)
Missiles
 d - 6 poisoned darts
 r - 5 throwing nets (quivered)
Armour
 k - a +0 pair of gloves (melded)
 t - a +0 pair of boots (worn)
 z - a +4 troll leather armour (worn) {Snorg}
 G - a +0 buckler (melded)
 K - a +2 cloak of poison resistance (worn)
 X - the +0 helmet "Zyddyudi" (worn) {Will+ rCorr}
   (You found it in a Gauntlet)

   rCorr:     It protects you from acid and corrosion.
   Will:      It increases your willpower.
Magical Staves
 a - a staff of cold
Jewellery
 i - a +5 ring of evasion (left blade hand)
 j - the ring "Neusann" (right blade hand) {Fly rF+ Dex+7}
   (You found it in a Gauntlet)

   [ring of flight]

   Dex:       It affects your dexterity (+7).
   rF:        It protects you from fire.
   Fly:       It grants you flight.
 y - an amulet of regeneration (around neck)
Wands
 p - a wand of light (16)
 D - a wand of charming (28)
 I - a wand of polymorph (12)
 N - a wand of flame (39)
 Q - a wand of mindburst (41)
 S - a wand of iceblast (13)
 W - a wand of digging (6)
Scrolls
 e - 3 scrolls of poison
 h - 13 scrolls of teleportation
 n - 5 scrolls of fog
 o - 9 scrolls of fear
 x - a scroll of butterflies
 B - 7 scrolls of magic mapping
 Y - 3 scrolls of blinking
Potions
 c - a potion of haste
 g - 7 potions of curing
 l - a potion of heal wounds
 u - 3 potions of might
 w - a potion of flight
 A - a potion of lignification
 C - 3 potions of cancellation
 E - 2 potions of ambrosia
 F - 2 potions of magic
 L - a potion of invisibility
 P - 3 potions of resistance
Miscellaneous
 m - a piece from Xom's chessboard (15/15)
 q - a condenser vane
 T - a phantom mirror
 V - a phial of floods


   Skills:
 - Level 11.0 Fighting
 * Level 3.8 Armour
 - Level 11.0 Dodging
 - Level 1.0 Stealth
 - Level 5.0 Shields
 - Level 11.0 Unarmed Combat
 - Level 13.0 Spellcasting
 - Level 10.0 Translocations
 - Level 10.0 Transmutations
 - Level 6.0 Ice Magic
 - Level 1.0 Poison Magic


You had 15 spell levels left.
You knew the following spells:

 Your Spells              Type           Power      Damage    Failure   Level
a - Beastly Appendage     Tmut           90%        N/A       8%          1
e - Wereblood             Tmut           45%        N/A       9%          2
g - Passage of Golubria   Tloc           45%        N/A       16%         4
m - Manifold Assault      Tloc           45%        N/A       16%         4
o - Ozocubu's Armour      Ice            31%        N/A       21%         3
p - Spider Form           Tmut/Pois      29%        N/A       22%         3
q - Ice Form              Ice/Tmut       38%        N/A       24%         4
B - Blade Hands           Tmut           22%        N/A       26%         5

Your spell library contained the following spells:

 Spells                   Type           Power      Damage    Failure   Level
 Frozen Ramparts          Ice            62%        1d10      21%         3
 Portal Projectile        Hex/Tloc       56%        N/A       24%         3
 Kiss of Death            Conj/Necr      44%        2d8       38%         1
 Magic Dart               Conj           44%        1d5       38%         1
 Slow                     Hex            44%        N/A       38%         1
 Iskenderun's Mystic Bla  Conj/Tloc      28%        2d7       43%         4
 Petrify                  Tmut/Erth      28%        N/A       43%         4
 Searing Ray              Conj           22%        2d5       47%         2
 Sublimation of Blood     Necr           11%        N/A       47%         2
 Dispersal                Tloc           22%        N/A       61%         6
 Summon Ice Beast         Ice/Summ       21%        N/A       63%         4
 Confusing Touch          Hex            11%        N/A       65%         3
 Dazzling Flash           Conj/Hex       22%        N/A       65%         3
 Inner Flame              Hex/Fire       11%        N/A       65%         3
 Tukima's Dance           Hex            11%        N/A       65%         3
 Vampiric Draining        Necr           11%        2d6       65%         3
 Irradiate                Conj/Tmut      14%        3d16      69%         5
 Dispel Undead            Necr           11%        3d9       90%         4
 Flame Wave               Conj/Fire      11%        2d6       90%         4
 Fulminant Prism          Conj/Hex       5%         3d7       90%         4
 Sticky Flame             Conj/Fire      11%        2d3       90%         4
 Silence                  Hex/Air        5%         N/A       99%         5
 Starburst                Conj/Fire      5%         6d4       100%        6
 Malign Gateway           Summ/Tloc      14%        N/A       100%        7
 Borgnjor's Revivificati  Necr           5%         N/A       100%        8
 Disjunction              Tloc           22%        N/A       100%        8
 Lehudib's Crystal Spear  Conj/Erth      5%         10d3      100%        8
 Necromutation            Tmut/Necr      14%        N/A       100%        8
 Summon Horrible Things   Summ           5%         N/A       100%        8


Dungeon Overview and Level Annotations

Branches:
Dungeon (12/15)            Temple (1/1) D:5            Lair (5/5) D:11
  Swamp (2/4) Lair:2       Spider (3/4) Lair:3        Slime (0/5) Lair:4
    Orc (2/2) D:12            Elf (0/3) Orc:2       Ossuary (visited)
  IceCv (visited)         Gauntlet (visited)

Shops:
D:9 [   Orc:1 ([!(   Orc:2 (:(!*

Portals:
Hell: Lair:5
Abyss: Orc:2

Annotations:
D:4 1 runed translucent door, DeathPants's ghost, amateur VSEn
Spider:3 3 runed translucent doors, Nikola; Ontaitol's ghost, adept MiFi
Orc:2 2 transporters, jasper's ghost, journeyman DsHs


Innate Abilities, Weirdness & Mutations

You have blades for hands.
Your spellcasting is less reliable in this form.
You are incapable of wielding weapons or throwing items.
You have an increased reservoir of magic. (+10% MP)
You shall have no god before yourself.
Your divine heritage dramatically boosts your attributes as you level up.


Message History

Fire: b) +6 hand crossbow
Press: ? - help, Q - select action, (/) - cycle Shift-Dir - straight line You shoot a bolt.
Something hits you.
You are electrocuted!
You hear some strange, mumbled words.
A bolt of lightning appears from out of thin air!
The bolt of lightning hits you!!!
Casting: Wereblood (safe; 1% risk of failure)
Confirm with . or Enter, or press ? or * to list all spells.
Your hands turn into razor-sharp scythe blades.
Your +6 hand crossbow melds into your body.
Your +0 pair of gloves melds into your body.
Your +0 buckler melds into your body.
Something hits you!
Your icy armour will break if you move.
Continue?
Okay, then.
You barely miss something.
You hear some strange, mumbled words.
You swing at nothing.
You swing at nothing.
You swing at nothing.
You hear some strange, mumbled words.
A bolt of lightning appears from out of thin air!
The bolt of lightning hits you!!
* * * LOW HITPOINT WARNING * * *
A bolt of lightning appears from out of thin air!
The bolt of lightning hits something.
You hear an angry buzzing noise.
Casting: Blade Hands (dangerous; 26% risk of failure)
Confirm with . or Enter, or press ? or * to list all spells.
You can't see anything to attack.
Casting: Manifold Assault (dangerous; 16% risk of failure)
Confirm with . or Enter, or press ? or * to list all spells.
Okay, then.
Okay, then.
As you read the scroll of fog, it crumbles to dust.
The scroll dissolves into smoke.
You hear some strange, mumbled words.
A bolt of lightning appears from out of thin air!
The bolt of lightning hits you!!!
You die...

#........##### #........^..
##.........## #...........
#..........#####^#........
...............##...#.##....
................^.>.^.#..#..
##.............#.#...###.##..
...............###^#........
.........{§§§.##............
.........§@§##.............
.........§§##.............
..........##.............
.........##.......^.....
........######..^......#
.......## ##########. ..>....
#.. ....### .... ......


There were no monsters in sight!

Vanquished Creatures
  Kirke (Spider:1)
  A fenstrider witch (Swamp:2)
  2 ghost moths
  Louise (Swamp:2)
  3 eleionomae
  A minotaur (Gauntlet)
  Snorg (Lair:5)
  Josephine (Spider:1)
  Harold (D:9)
  An entropy weaver (Spider:1)
  Fannar (Lair:2)
  8 hydras
  A jorogumo (Spider:1)
  Erica (D:8)
  A catoblepas (Lair:5)
  A hell beast (Lair:5)
  An alligator (Swamp:2)
  2 ogre magi (Orc:2)
  A death knight (D:12)
  4 radroaches
  10 two-headed ogres
  2 boulder beetles
  An orc high priest (Orc:2)
  7 death yaks
  2 sun moths
  A spriggan (Swamp:2)
  3 pharaoh ants
  4 orb spiders
  A goliath frog (Swamp:1)
  4 bog bodies
  3 orc knights
  3 steelbarb worms
  2 deep trolls (Orc:2)
  A wizard (Lair:5)
  3 necromancers
  8 wolf spiders
  4 moths of wrath (Spider:1)
  An ugly thing (D:12)
  An orc sorcerer (Orc:1)
  A will-o-the-wisp (Swamp:1)
  4 elephants (Lair:4)
  3 manticores
  3 cyclopes
  3 ice statues
  A torpor snail (Lair:5)
  7 demonic crawlers
  3 gargoyles
  4 black mambas
  4 orange demons (Lair:5)
  10 cane toads
  An efreet (D:12)
  9 rime drakes
  A yaktaur (D:12)
  15 ice devils
  4 freezing wraiths (IceCv)
  12 komodo dragons
  3 anaconda simulacra (IceCv)
  A kobold demonologist (D:12)
  5 polar bears
  A hellwing (Lair:5)
  A red devil (Lair:5)
  13 tarantellas
  17 trolls
  6 tyrant leeches
  11 blink frogs
  A hornet (Swamp:2)
  4 dream sheep (Lair:5)
  11 culicivoras
  28 jumping spiders
  6 wraiths
  51 yaks
  4 shadows
  12 wyverns
  2 dire elephant simulacra (IceCv)
  4 basilisks
  A hog (Spider:1)
  39 redbacks
  3 steam dragons
  8 wargs
  2 death yak simulacra (IceCv)
  11 swamp worms
  A harpy simulacrum (IceCv)
  4 hell hounds (Lair:5)
  Duvessa (D:4)
  3 acid dragons
  25 water moccasins
  A hydra simulacrum (IceCv)
  2 ice beasts
  A swamp drake (Swamp:1)
  19 orc warriors
  3 sky beasts
  3 black bears
  23 ogres
  A boggart (D:12)
  29 wolves
  5 centaurs
  2 phantoms
  2 kobold brigands
  3 elf zombies (Ossuary)
  11 bullfrogs
  A gnoll sergeant (D:9)
  A scorpion (D:6)
  5 cane toad simulacra (IceCv)
  4 wights
  Dowan (D:4)
  A vampire bat (D:8)
  7 killer bees
  6 elephant simulacra (IceCv)
  10 howler monkeys
  4 centaur zombies (Ossuary)
  A crimson imp (D:7)
  5 human zombies (Ossuary)
  6 jellies
  A gnoll bouda (D:4)
  9 orc priests
  4 hounds (D:6)
  3 sleepcaps (D:7)
  5 iguanas
  11 orc wizards
  4 yak simulacra (Lair:4)
  2 spriggan simulacra (IceCv)
  8 polar bear simulacra
  A troll simulacrum (IceCv)
  5 wolf simulacra
  4 mummies
  9 gnolls
  6 adders
  A shadow imp (D:5)
  4 white imps
  2 ufetubi (IceCv)
  3 worms
  60 orcs
  13 ball pythons
  6 bat skeletons (D:8)
  7 endoplasms
  2 giant cockroaches
  4 goblins
  4 hobgoblins
  3 jackals (D:3)
  20 kobolds
  2 quokkas
  3 training dummies (Orc:2)
  4 bats
  2 frilled lizards
  3 hobgoblin zombies (D:8)
  An orc zombie (D:8)
  5 rats
  A river rat simulacrum (Lair:4)
838 creatures vanquished.

Vanquished Creatures (others)
  A will-o-the-wisp (Swamp:2)
  2 bloated husks (Swamp:2)
  2 humans (Spider:1)
  A yak (D:8)
  6 foxfires
  29 fungi
  29 plants
70 creatures vanquished.

Grand Total: 908 creatures vanquished

Notes
Turn   | Place    | Note
-------+----------+-------------------------------------------
     0 | D:1      | avis the Demigod Transmuter began the quest for the Orb.
     0 | D:1      | Reached XP level 1. HP: 15/15 MP: 5/5
    24 | D:1      | Reached skill level 1 in Fighting
   314 | D:1      | Reached skill level 2 in Spellcasting
   364 | D:1      | Reached XP level 2. HP: 23/23 MP: 4/7
   367 | D:1      | Learned a level 2 spell: Wereblood
  1022 | D:2      | Reached skill level 1 in Stealth
  1209 | D:2      | Reached XP level 3. HP: 28/29 MP: 6/8
  1213 | D:2      | Learned a level 3 spell: Spider Form
  1844 | D:3      | Found Naproseth's Magic Scroll Shoppe.
  1887 | D:3      | Reached skill level 1 in Poison Magic
  2353 | D:3      | Reached XP level 4. HP: 36/36 MP: 9/9
  2650 | D:3      | Upgraded the game from 0.30-a0-949-g53dc5368d7 to
                  | 0.30-a0-953-g5f1da4a474
  2993 | D:4      | Reached XP level 5. HP: 45/45 MP: 10/10
  3343 | D:4      | Noticed Dowan
  3345 | D:4      | Noticed Duvessa
  3491 | D:4      | Killed Duvessa
  3492 | D:4      | Reached skill level 3 in Spellcasting
  3492 | D:4      | Reached XP level 6. HP: 40/51 MP: 9/13
  3495 | D:4      | Killed Dowan
  3533 | D:4      | Learned a level 4 spell: Ice Form
  3592 | D:4      | Found a runed translucent door.
  3602 | D:4      | Noticed DeathPants's ghost (amateur VSEn)
  4401 | D:5      | Entered Level 5 of the Dungeon
  4543 | D:5      | Found a sand-covered staircase.
  4553 | Ossuary  | Entered an ossuary
  4569 | Ossuary  | Reached skill level 4 in Spellcasting
  4589 | Ossuary  | Reached skill level 1 in Ice Magic
  4589 | Ossuary  | Reached XP level 7. HP: 57/57 MP: 16/16
  4973 | D:5      | Found a staircase to the Ecumenical Temple.
  4990 | D:5      | Reached skill level 5 in Transmutations
  4993 | Temple   | Entered the Ecumenical Temple
  5212 | D:5      | Reached XP level 8. HP: 66/66 MP: 17/17
  5744 | D:5      | Learned a level 5 spell: Blade Hands
  6189 | D:3      | Bought a scroll of butterflies for 56 gold pieces
  6189 | D:3      | Bought a scroll of identify for 28 gold pieces
  6189 | D:3      | Bought a scroll of identify for 28 gold pieces
  6189 | D:3      | Bought a scroll of identify for 28 gold pieces
  7601 | D:7      | Reached XP level 9. HP: 45/72 MP: 18/18
  7982 | D:7      | Reached skill level 5 in Fighting
  8139 | D:7      | Reached skill level 5 in Unarmed Combat
  8417 | D:7      | Reached skill level 5 in Dodging
  8436 | D:7      | Noticed a two-headed ogre
  8444 | D:7      | Killed a two-headed ogre
  9000 | D:7      | Reached XP level 10. HP: 81/81 MP: 15/19
  9553 | D:8      | Reached skill level 10 in Transmutations
 10254 | D:8      | Noticed Erica
 10272 | D:8      | Killed Erica
 10549 | D:3      | Bought a scroll of immolation for 56 gold pieces
 10748 | D:9      | Found Pabati's Armour Boutique.
 10832 | D:9      | Noticed Harold
 10845 | D:9      | Killed Harold
 11139 | D:9      | Reached XP level 11. HP: 55/91 MP: 17/20
 12068 | D:9      | Upgraded the game from 0.30-a0-953-g5f1da4a474 to
                  | 0.30-a0-956-gcec3b41aec
 12277 | D:10     | Entered Level 10 of the Dungeon
 13912 | D:11     | You fall into a shaft and drop 1 floor!
 13972 | D:11     | Noticed a two-headed ogre
 13990 | D:11     | Killed a two-headed ogre
 14471 | D:11     | Found a staircase to the Lair.
 14710 | Lair:1   | Entered Level 1 of the Lair of Beasts
 14783 | Lair:1   | Noticed an eight-headed hydra
 14791 | Lair:1   | Killed an eight-headed hydra
 15022 | Lair:1   | Reached XP level 12. HP: 75/103 MP: 16/21
 15937 | Lair:1   | Learned a level 4 spell: Manifold Assault
 16330 | Lair:2   | Found the +3 giant club "Skullcrusher" {speed, Str+7}
 16507 | Lair:2   | Noticed Fannar
 16517 | Lair:2   | Killed Fannar
 16781 | Lair:2   | Found a staircase to the Swamp.
 17134 | Lair:3   | Reached skill level 10 in Unarmed Combat
 17136 | Lair:3   | Reached skill level 10 in Fighting
 17136 | Lair:3   | Reached skill level 10 in Dodging
 17249 | Lair:3   | Found a hole to the Spider Nest.
 17264 | Lair:3   | Reached skill level 1 in Translocations
 18635 | Lair:4   | Reached skill level 5 in Translocations
 18902 | Lair:4   | Reached skill level 5 in Spellcasting
 18905 | Lair:4   | Reached XP level 13. HP: 75/113 MP: 17/24
 18955 | Lair:4   | Found a staircase to the Slime Pits.
 19523 | D:3      | Bought a scroll of acquirement for 728 gold pieces
 19525 | D:3      | Acquired the staff of death "Akeodeby" {rN+ Int+4}
 19527 | D:3      | Acquired 1077 gold pieces
 19803 | Lair:5   | Entered Level 5 of the Lair of Beasts
 19835 | Lair:5   | Reached skill level 6 in Spellcasting
 20579 | Lair:5   | Noticed Snorg
 20594 | Lair:5   | Killed Snorg
 21067 | Lair:5   | Reached skill level 7 in Spellcasting
 22303 | Lair:4   | Upgraded the game from 0.30-a0-956-gcec3b41aec to
                  | 0.30-a0-965-g42e074c17a
 22861 | Lair:5   | Found a gateway to Hell.
 22873 | Lair:5   | Identified the +8 dagger "Jueck" {spect, Drain rF++ rN+
                  | SInv}
 23034 | Lair:1   | Learned a level 4 spell: Passage of Golubria
 23235 | D:12     | Found a staircase to the Orcish Mines.
 23318 | D:12     | Reached skill level 10 in Translocations
 23383 | D:12     | Identified the ring of Naseyneh {Fly rC- Int+3}
 23409 | D:12     | Reached XP level 14. HP: 108/121 MP: 21/30
 23419 | D:12     | Reached skill level 8 in Spellcasting
 23425 | D:12     | Identified the staff of conjuration "Gamanil" {rC+ Int+3
                  | Dex+3 Stlth+}
 24143 | D:12     | Identified the +0 scale mail of Masochism {rF++}
 24666 | Orc:1    | Entered Level 1 of the Orcish Mines
 24697 | Orc:1    | Found Wavaugro's Weapon Shoppe.
 24780 | Orc:1    | Found a frozen archway.
 24808 | IceCv    | Entered an ice cave
 24842 | IceCv    | Reached skill level 9 in Spellcasting
 25216 | IceCv    | Got Sif Muna's Reference Book on the Horrible Wendigo
 25278 | IceCv    | Learned a level 3 spell: Ozocubu's Armour
 25407 | IceCv    | Reached skill level 10 in Spellcasting
 25659 | Orc:1    | Found Zein Pist's Distillery.
 25700 | Orc:1    | Found Jet Kive's Weapon Boutique.
 25751 | Orc:1    | Found Gateomm's Armour Emporium.
 25877 | Orc:2    | Entered Level 2 of the Orcish Mines
 25877 | Orc:2    | Found Qufef's Assorted Antiques.
 25903 | Orc:2    | Found a staircase to the Elven Halls.
 25951 | Orc:2    | Reached skill level 5 in Ice Magic
 26044 | Orc:2    | Found Macwahips's Distillery.
 26044 | Orc:2    | Found Qiysch's Jewellery Shoppe.
 26048 | Orc:2    | Found Woecopno's Antique Weapon Emporium.
 26049 | Orc:2    | Found Daemynoebb's Book Shoppe.
 26091 | Orc:2    | Found a transporter.
 26099 | Orc:2    | Found a transporter.
 26117 | Orc:2    | Found a one-way gate to the infinite horrors of the Abyss.
 26143 | Orc:2    | Noticed jasper's ghost (journeyman DsHs)
 26154 | Orc:2    | Noticed an orc warlord
 26154 | Orc:2    | Noticed a tentacled starspawn
 26163 | Orc:2    | Found Sunweq's Firing Range.
 26180 | Orc:2    | Found a gate leading to a gauntlet.
 26193 | Gauntlet | Entered a Gauntlet
 26193 | Gauntlet | Found a transporter.
 26203 | Gauntlet | Found a transporter.
 26220 | Gauntlet | Found a transporter.
 26221 | Gauntlet | Found a transporter.
 26232 | Gauntlet | Found a transporter.
 26245 | Gauntlet | Found a transporter.
 26252 | Gauntlet | Found a transporter.
 26272 | Gauntlet | Found a transporter.
 26277 | Gauntlet | Found a transporter.
 26292 | Gauntlet | Found a transporter.
 26303 | Gauntlet | Found a transporter.
 26305 | Gauntlet | Found a transporter.
 26332 | Gauntlet | Found a transporter.
 26337 | Gauntlet | Found a transporter.
 26350 | Gauntlet | Found a runed translucent door.
 26557 | Gauntlet | Identified the ring "Neusann" {Fly rF+ Dex+7}
 26730 | Gauntlet | Identified the +0 helmet "Zyddyudi" {Will+ rCorr}
 26759 | Gauntlet | Identified the +8 chain mail of Gidduc {Rampage rF++ Str-5
                  | Stlth+}
 27569 | Orc:2    | Bought a +0 hand crossbow for 45 gold pieces
 27991 | Orc:2    | Bought a potion of heal wounds for 65 gold pieces
 27991 | Orc:2    | Bought a potion of resistance for 130 gold pieces
 28025 | Orc:2    | Bought a manual of Ranged Weapons for 1040 gold pieces
 28196 | Spider:1 | Entered Level 1 of the Spider Nest
 28452 | Spider:1 | Reached skill level 1 in Shields
 28452 | Spider:1 | Reached XP level 15. HP: 129/129 MP: 28/33
 28498 | Spider:1 | Noticed Josephine
 28503 | Spider:1 | Killed Josephine
 29252 | Spider:1 | Reached skill level 5 in Shields
 29811 | Spider:1 | Noticed Kirke
 29830 | Spider:1 | Killed Kirke
 30155 | Lair:1   | Upgraded the game from 0.30-a0-965-g42e074c17a to
                  | 0.30-a0-986-g7f2e898f52
 30217 | Swamp:1  | Entered Level 1 of the Swamp
 30227 | Swamp:1  | Reached skill level 11 in Spellcasting
 32209 | Spider:2 | Reached skill level 12 in Spellcasting
 32716 | Spider:2 | Identified the +6 shortbow of Balance {flame, rN+ Dex+3}
 33047 | Swamp:2  | Noticed a fenstrider witch
 33105 | Swamp:2  | Killed a fenstrider witch
 33429 | Swamp:2  | Noticed Louise
 33435 | Swamp:2  | Killed Louise
 33979 | Spider:3 | Reached skill level 13 in Spellcasting
 33984 | Spider:3 | Reached skill level 1 in Armour
 34310 | Spider:3 | Found a runed translucent gate.
 34310 | Spider:3 | Found a runed translucent gate.
 34311 | Spider:3 | Found a runed translucent gate.
 34314 | Spider:3 | Noticed Ontaitol's ghost (adept MiFi)
 34604 | Spider:3 | Reached XP level 16. HP: 131/137 MP: 28/38
 35022 | Spider:3 | Noticed Nikola
 35034 | Spider:3 | Killed from afar by Nikola

Illustrated notes

Levels and vault maps discovered:
D:1:      dpeg_arrival_ternary, layout_loops_ring, kennysheep_pointless_box
D:2:      layout_loops_ring, basic_altar
D:3:      layout_loops_ring, mainiacjoe_overflow_small_starburst,
          lemuel_tele_altar, serial_shops, nicolae_shop_crystal
D:4:      layout_cave_pods, ebering_ghost_reflecting_pool, grunt_ministairs_12,
          roderic_three_in_a_row, uniq_duvessa
D:5:      layout_cave_pods, mainiacjoe_overflow_swirl, minmay_temple_entry_grid,
          chequers_ossuary_entry_cave, hangedman_decor_slide_cut,
          kennysheep_generic_room_16
D:6:      layout_loops_corners
D:7:      kennysheep_windowed_halls, layout_basic,
          grunt_temple_overflow_lords_of_destruction,
          nicolae_tso_carved_into_rock, chequers_mini_garden
D:8:      layout_basic, kennysheep_vampire_church, minivault_5,
          hangedman_abyss_or_decor_stagger, columned_hall_lemuel,
          minmay_mini_ossuary, uniq_erica
D:9:      lemuel_ice_statue, layout_grid_maze, serial_shops,
          kennysheep_mini_moat, uniq_harold
D:10:     layout_basic, doesnt_xom_only_xom
D:11:     minmay_inner_zag, layout_irregular_city, minmay_lair_entry_grove,
          dk_noncrumbling_3
D:12:     minmay_the_grid_triangle_9x9_rhombus_thin_mashed
          [minmay_the_grid_triangle_9x9_cache,
          minmay_the_grid_triangle_9x9_prize_center,
          minmay_the_grid_triangle_9x9_intruding_spiral,
          minmay_the_grid_triangle_9x9_from_above], layout_loops_corners,
          minmay_orc_entry_guard_dogs
Temple:   nicolae_temple_god_jail
Lair:1:   layout_chaotic_city, nicolae_quartered_pool_impasse,
          grunt_megastairs_2, lemuel_fruit_tree
Lair:2:   layout_concentric_octagons, skrybe_swamp_entry_bodies,
          grunt_forest_small_clearing_treed, uniq_fannar
Lair:3:   layout_roguey, spider_nest_entry_a, beast_lair_carwin_8,
          infiniplex_staircase_pool_2, grunt_megastairs_1
Lair:4:   layout_regular_city, dpeg_slime_entry_enclosed,
          eino_house_with_fridge, grunt_megastairs_3
Lair:5:   evil_forest, layout_regular_city, uniq_snorg
Swamp:1:  layout_falls_marsh, nicolae_swamp_long_stream
Swamp:2:  layout_basic_swamp, evilmike_swamp_ruin_house_1, uniq_louise
Spider:1: layout_spider_delve, drop_trap, uniq_kirke, uniq_josephine
Spider:2: layout_chambers
Spider:3: layout_chambers, gammafunk_ghost_split, drop_trap,
          nicolae_spider_webbed_stairs, uniq_nikola
Orc:1:    layout_diamond_mine, portal_ice_cave_demonic_guard, serial_shops,
          shop, nicolae_lakefront_shop, shop, shop, basic_altar
Orc:2:    st_orc_open, layout_caves, serial_shops, shop_coins,
          gammafunk_ghost_abyssal_escape, gauntlet_entry_generic,
          nicolae_shop_firing_range

Skill      XL: |  1  2  3  4  5  6  7  8  9 10 11 12 13 14 15 16 |
---------------+-------------------------------------------------+-----
Fighting       | 1 2 3 4 5 6 8 10 11 | 11.0
Unarmed Combat | 3 4 5 6 8 10 11 | 11.0
Dodging        | 2 3 4 5 6 8 10 11 | 11.0
Spellcasting   | 2 3 4 5 7 10 13 | 13.0
Transmutations | 2 3 4 5 7 9 10 | 10.0
Stealth        | 1 |  1.0
Poison Magic   | 1 |  1.0
Ice Magic      | 1 4 5 6 |  6.0
Translocations | 5 10 | 10.0
Shields        | 1 5 |  5.0
Armour         | 2 3 |  3.8

Action                     |  1- 3 |  4- 6 |  7- 9 | 10-12 | 13-15 | 16-18 || total
---------------------------+-------+-------+-------+-------+-------+-------++-------
  Melee: Unarmed           |   102 |   171 |   364 |   633 |  1404 |    22 ||  2696
         Kick              |    24 |    27 |    19 |     2 |       |       ||    72
         Headbutt          |    11 |    15 |    10 |       |       |       ||    36
         Punch             |     5 |     4 |     3 |    40 |    63 |     3 ||   118
         Staff             |       |       |       |       |    21 |       ||    21
   Fire: Sling             |       |       |       |       |     2 |       ||     2
         Hand crossbow     |       |       |       |       |    38 |     5 ||    43
  Throw: Boomerang         |       |     2 |       |       |       |       ||     2
   Cast: Beastly Appendage |    36 |    18 |     4 |     2 |       |       ||    60
         Spider Form       |       |    15 |    25 |     2 |       |       ||    42
         Wereblood         |       |     2 |     4 |     9 |    39 |     1 ||    55
         Ice Form          |       |       |    15 |    14 |    29 |       ||    58
         Blade Hands       |       |       |     7 |    69 |   106 |     4 ||   186
         Manifold Assault  |       |       |       |       |   144 |     3 ||   147
         Passage of Golubr |       |       |       |       |     4 |       ||     4
         Ozocubu's Armour  |       |       |       |       |    67 |     3 ||    70
Ability: End Transformatio |       |       |     5 |     2 |    14 |       ||    21
  Evoke: Wand              |       |       |       |       |    12 |       ||    12
    Use: Potion            |       |     6 |     1 |     3 |    14 |       ||    24
         Scroll            |       |       |     7 |    12 |    21 |     1 ||    41
   Stab: Distracted        |     1 |       |     1 |     1 |     1 |       ||     4
         Sleeping          |     7 |     1 |     4 |       |     3 |       ||    15
         Invisible         |       |       |       |       |     7 |       ||     7
 Armour: Robe              |     6 |     6 |     6 |       |       |       ||    18
         Skin              |       |    20 |    25 |    30 |   131 |       ||   206
         Troll leather arm |       |       |     4 |    47 |   211 |     9 ||   271
  Dodge: Dodged            |    60 |   147 |   261 |   542 |  1528 |    18 ||  2556
  Block: Buckler           |       |       |       |       |    54 |     1 ||    55

Table legend: (Time is in decaauts)
 A = Elapsed time spent in this place.
 B = Non-inter-level travel time spent in this place.
 C = Inter-level travel time spent in this place.
 D = Time resting spent in this place.
 E = Time spent auto-exploring this place.
 F = Levels seen in this place.
 G = Mean time per level.
                   A        B        C        D        E       F      G
               +--------+--------+--------+--------+--------+-----+--------+
         Total |  34758 |  30162 |   4596 |   6399 |  11011 |  28 | 1241.4 |
       Dungeon |  16562 |  13942 |   2620 |   2194 |   7213 |  12 | 1380.2 |
        Temple |     38 |     32 |      6 |      0 |      0 |   1 |   38.0 |
          Lair |   8879 |   7596 |   1283 |   2254 |   2812 |   5 | 1775.8 |
         Swamp |   1314 |   1237 |     77 |    306 |    317 |   2 |  657.0 |
   Spider Nest |   4370 |   4010 |    360 |   1081 |    345 |   3 | 1456.7 |
  Orcish Mines |   1683 |   1435 |    248 |     82 |    303 |   2 |  841.5 |
       Ossuary |    343 |    343 |      0 |     71 |     21 |   1 |  343.0 |
      Ice Cave |    772 |    772 |      0 |    147 |      0 |   1 |  772.0 |
      Gauntlet |    794 |    794 |      0 |    263 |      0 |   1 |  794.0 |
               +--------+--------+--------+--------+--------+-----+--------+

Top non-repeatable levels by time:
  Lair:5: 2533 daAuts
     D:7: 2231 daAuts
Spider:1: 1882 daAuts
     D:4: 1837 daAuts
     D:9: 1796 daAuts
  Lair:4: 1772 daAuts
     D:5: 1690 daAuts
  Lair:3: 1637 daAuts
  Lair:1: 1573 daAuts
Spider:2: 1567 daAuts
    D:12: 1421 daAuts
    D:10: 1404 daAuts
  Lair:2: 1362 daAuts
   Orc:2: 1233 daAuts
     D:6: 1115 daAuts
